 Dungeon Crawl Stone Soup version 0.21.1-1-g345015f (webtiles) character file.

315 erloom the Covered (level 6, -7/47 HPs)
             Began as a Gnoll Wanderer on Mar 3, 2018.
             Killed from afar by Dowan (17 damage)
             ... with a shard of ice
             ... on level 4 of the Dungeon.
             The game lasted 00:09:37 (2423 turns).

erloom the Covered (Gnoll Wanderer)                 Turns: 2423, Time: 00:09:37

Health: -7/47      AC: 11    Str: 13    XL:     6   Next: 43%
Magic:  8/8        EV:  7    Int: 18    God:
Gold:   172        SH:  0    Dex: 14    Spells: 8/8 levels left

rFire    + + .     SeeInvis +   a - +3 hand axe
rCold    . . .     Gourm    .   (no shield)
rNeg     . . .     Faith    .   p - +0 chain mail
rPois    .         Spirit   .   o - +0 helmet of Vaajaphu {rF+ Slay+3 SInv}
rElec    .         Reflect  .   (no cloak)
rCorr    .         Harm     .   (no gloves)
MR       .....                  (no boots)
Stlth    ..........             (no amulet)
HPRegen  0.15/turn              (no ring)
MPRegen  0.11/turn              e - ring of protection from fire

@: no status effects
A: distributed training, fangs 1, strong nose
a: no special abilities


You were on level 4 of the Dungeon.
You were not hungry.

You visited 1 branch of the dungeon, and saw 4 of its levels.

You collected 172 gold pieces.

Inventory:

Hand Weapons
 a - a +3 hand axe (weapon)
Missiles
 i - 4 tomahawks (quivered)
Armour
 b - a +0 scale mail
 o - the +0 helmet of Vaajaphu (worn) {rF+ Slay+3 SInv}
   (You took it off Robin on level 2 of the Dungeon)

   It affects your accuracy and damage with ranged weapons and melee attacks
   (+3).
   It protects you from fire.
   It lets you see invisible.
 p - a +0 chain mail (worn)
 u - a +2 helmet
 x - a +2 ring mail of magic resistance
Jewellery
 d - an uncursed amulet of guardian spirit {unknown}
 e - a ring of protection from fire (right hand)
Wands
 j - a wand of random effects (41)
 t - a wand of polymorph (10)
 w - a wand of digging (14)
Scrolls
 l - a scroll of enchant weapon
 m - a scroll of enchant armour
 q - a scroll of amnesia
Potions
 c - 2 potions of lignification
 g - 2 potions of heal wounds {unknown}
 h - 5 potions of curing {unknown}
 k - a potion of brilliance
 s - a potion of ambrosia {unknown}
Comestibles
 f - 5 rations
 v - 2 chunks of flesh


   Skills:
 + Level 3.2 Fighting
 + Level 1.9 Short Blades
 + Level 1.9 Long Blades
 + Level 5.0 Axes
 + Level 1.9 Maces & Flails
 + Level 1.9 Polearms
 + Level 1.9 Staves
 + Level 1.9 Slings
 + Level 5.0 Bows
 + Level 1.9 Crossbows
 + Level 1.9 Throwing
 + Level 6.8 Armour
 + Level 1.9 Dodging
 + Level 4.6 Stealth
 + Level 1.9 Shields
 + Level 1.9 Unarmed Combat
 + Level 1.9 Spellcasting
 + Level 1.5 Conjurations
 + Level 1.5 Hexes
 + Level 1.5 Charms
 + Level 1.5 Summonings
 + Level 1.5 Necromancy
 + Level 1.5 Translocations
 + Level 1.5 Transmutations
 + Level 1.5 Fire Magic
 + Level 1.5 Ice Magic
 + Level 1.5 Air Magic
 + Level 1.5 Earth Magic
 + Level 1.5 Poison Magic
 + Level 2.1 Invocations
 + Level 1.9 Evocations


You had 8 spell levels left.
You didn't know any spells.

Dungeon Overview and Level Annotations

Branches:
Dungeon (4/15)
 Temple: D:4-7

Altars:
Sif Muna
The Shining One

Annotations:
D:4 Dowan, Edmund


Innate Abilities, Weirdness & Mutations

Your experience applies equally to all skills.
You have very sharp teeth.
Your uncanny sense of smell can sniff out nearby items.


Message History

Increase (S)trength, (I)ntelligence, or (D)exterity?
You feel clever.
Edmund moves out of view.
Dowan barely misses you. Dowan completely misses you.
Dowan gestures wildly while chanting.
Dowan blinks!
Dowan breathes, "And she was my only..."
Dowan mumbles some strange words.
Dowan blinks!
Dowan barely misses you. Dowan hits you but does no damage.
Dowan closely misses you. Dowan hits you but does no damage.
Dowan gestures wildly while chanting.
Dowan blinks!
Dowan casts a spell at you. The stone arrow hits you!
* * * LOW HITPOINT WARNING * * *
Dowan points at you and mumbles some strange words.
The shard of ice hits you!
You die...

###....#
#.....##
#....##
#....#
#@..## #.e##
#..## ##...#
#@...##
###...8#####
#......#...#
##......._.#
##.....#...#
#.....8#####
###...##
#...# #..##


You could see Edmund and Dowan.

Vanquished Creatures
  Duvessa (D:4)
  Ijyb (D:3)
  An orc wizard (D:3)
  Robin (D:2)
  3 gnolls (D:2)
  2 adders (D:3)
  2 worms
  3 dart slugs
  3 leopard geckos
  6 orcs (D:3)
  2 giant cockroaches
  18 goblins
  5 hobgoblins
  4 jackals
  3 quokkas (D:2)
  A ball python (D:2)
  5 bats
  5 frilled lizards
  8 kobolds
  A quokka skeleton (D:4)
  7 rats
82 creatures vanquished.

Notes
Turn   | Place    | Note
-------+----------+-------------------------------------------
     0 | D:1      | erloom the Gnoll Wanderer began the quest for the Orb.
     0 | D:1      | erloom set off with: a +2 hand axe, a +0 ring mail, a potion of lignification, a +0 dagger, a ration
     0 | D:1      | Reached XP level 1. HP: 17/17 MP: 1/1
    38 | D:1      | Reached XP level 2. HP: 18/23 MP: 2/2
   508 | D:2      | Reached XP level 3. HP: 20/28 MP: 3/3
   629 | D:2      | Reached skill level 1 in Invocations
   635 | D:2      | Reached skill level 1 in Short Blades
   635 | D:2      | Reached skill level 1 in Long Blades
   635 | D:2      | Reached skill level 1 in Maces & Flails
   635 | D:2      | Reached skill level 1 in Polearms
   635 | D:2      | Reached skill level 1 in Staves
   635 | D:2      | Reached skill level 1 in Slings
   635 | D:2      | Reached skill level 1 in Crossbows
   635 | D:2      | Reached skill level 1 in Throwing
   635 | D:2      | Reached skill level 1 in Dodging
   635 | D:2      | Reached skill level 1 in Shields
   635 | D:2      | Reached skill level 1 in Unarmed Combat
   635 | D:2      | Reached skill level 1 in Spellcasting
   635 | D:2      | Reached skill level 1 in Evocations
   638 | D:2      | Reached XP level 4. HP: 28/34 MP: 5/5
   887 | D:2      | Found a glowing golden altar of the Shining One.
   973 | D:2      | Noticed Robin
   989 | D:2      | Killed Robin
  1004 | D:2      | Got a polished helmet
  1098 | D:2      | Identified the cursed +0 helmet of Vaajaphu {rF+ Slay+3 SInv} (You took it off Robin on level 2 of the Dungeon)
  1294 | D:3      | Reached skill level 1 in Conjurations
  1294 | D:3      | Reached skill level 1 in Hexes
  1294 | D:3      | Reached skill level 1 in Charms
  1294 | D:3      | Reached skill level 1 in Summonings
  1294 | D:3      | Reached skill level 1 in Necromancy
  1294 | D:3      | Reached skill level 1 in Translocations
  1294 | D:3      | Reached skill level 1 in Transmutations
  1294 | D:3      | Reached skill level 1 in Fire Magic
  1294 | D:3      | Reached skill level 1 in Ice Magic
  1294 | D:3      | Reached skill level 1 in Air Magic
  1294 | D:3      | Reached skill level 1 in Earth Magic
  1294 | D:3      | Reached skill level 1 in Poison Magic
  1296 | D:3      | Reached XP level 5. HP: 28/40 MP: 6/6
  2020 | D:3      | Noticed Ijyb
  2076 | D:3      | Killed Ijyb
  2313 | D:4      | Found a deep blue altar of Sif Muna.
  2364 | D:4      | Found a glowing golden altar of the Shining One.
  2395 | D:4      | Noticed Dowan
  2397 | D:4      | Noticed Duvessa
  2407 | D:4      | Noticed Edmund
  2407 | D:4      | Killed Duvessa
  2407 | D:4      | Reached skill level 5 in Axes
  2407 | D:4      | Reached skill level 5 in Bows
  2407 | D:4      | Reached XP level 6. HP: 18/47 MP: 8/8
  2423 | D:4      | Killed from afar by Dowan

Skill      XL: |  1  2  3  4  5 |
---------------+----------------+-----
Invocations    | 1 2 |  2.1
Short Blades   | 1 |  1.9
Long Blades    | 1 |  1.9
Maces & Flails | 1 |  1.9
Polearms       | 1 |  1.9
Staves         | 1 |  1.9
Slings         | 1 |  1.9
Crossbows      | 1 |  1.9
Throwing       | 1 |  1.9
Dodging        | 1 |  1.9
Shields        | 1 |  1.9
Unarmed Combat | 1 |  1.9
Spellcasting   | 1 |  1.9
Evocations     | 1 |  1.9
Conjurations   | 1 |  1.5
Hexes          | 1 |  1.5
Charms         | 1 |  1.5
Summonings     | 1 |  1.5
Necromancy     | 1 |  1.5
Translocations | 1 |  1.5
Transmutations | 1 |  1.5
Fire Magic     | 1 |  1.5
Ice Magic      | 1 |  1.5
Air Magic      | 1 |  1.5
Earth Magic    | 1 |  1.5
Poison Magic   | 1 |  1.5
Fighting       | 3 |  3.2
Axes           | 5 |  5.0
Bows           | 5 |  5.0
Armour         | |  6.8
Stealth        | |  4.6

Action                   |  1- 3 |  4- 6 || total
-------------------------+-------+-------++-------
Melee: Hand axe          |    75 |   173 ||   248
       Bite              |     7 |    16 ||    23
       Punch             |       |     1 ||     1
  Use: Scroll            |     2 |     4 ||     6
 Stab: Sleeping          |     1 |     5 ||     6
       Distracted        |       |     1 ||     1
  Eat: Chunk             |       |     5 ||     5
Armor: Ring mail         |    24 |    65 ||    89
       Chain mail        |       |    11 ||    11
Dodge: Dodged            |    33 |    81 ||   114
